 Dungeon Crawl Stone Soup version 0.24-a0-537-g2d01d4ab0a (webtiles) character file.

Game seed: 822423268332797310

66045 1994 the Peltast (level 15, -20/103 HPs)
             Began as an Octopode Wizard on Aug 15, 2019.
             Was an Initiate of Gozag.
             Shot with a bolt by an orc warrior (24 damage)
             ... on level 2 of the Orcish Mines.
             The game lasted 03:09:36 (38289 turns).

1994 the Peltast (Octopode Wizard)                 Turns: 38289, Time: 03:09:37

Health: -20/103    AC:  1    Str:  7    XL:     15   Next: 18%
Magic:  0/29       EV: 16    Int: 28    God:    Gozag
Gold:   4577       SH: 14    Dex: 12    Spells: 11/34 levels left

rFire    + . .     SeeInvis .   a - staff of air
rCold    . . .     Gourm    .   A - +2 shield {reflect}
rNeg     . . .     Faith    .   j - +0 hat
rPois    .         Spirit   .   v - amulet of the acrobat
rElec    +         Reflect  +   e - ring of protection from cold
rCorr    +         Harm     .   z - +3 ring of intelligence
MR       ++...                  g - ring of fire
Stlth    ++++......             P - ring of resist corrosion
HPRegen  0.27/turn              V - ring of protection from magic
MPRegen  0.21/turn              h - ring of wizardry
                                (no ring)
                                (no ring)

@: gold aura, lightly drained
A: almost no armour, stealthy swim, amphibious, 8 rings, constrict 8, camouflage
1, gelatinous body 1
a: Potion Petition, Call Merchant, Bribe Branch, Renounce Religion


You were on level 2 of the Orcish Mines.
You worshipped Gozag.
Gozag was most pleased with you.
You were very hungry.

You visited 4 branches of the dungeon, and saw 21 of its levels.
You also visited: Ossuary.

You collected 7804 gold pieces.
You spent 908 gold pieces at shops.
You paid 2319 gold pieces to Gozag.

Inventory:

Hand Weapons
 b - a +0 falchion of electrocution
 s - a +1 short sword of protection
 x - the +12 flail "Efuhef" {crush, rPois rF- Dex+7}
   (You found it on level 12 of the Dungeon)

   It inflicts extra damage upon your enemies.
   It affects your dexterity (+7).
   It makes you vulnerable to fire.
   It protects you from poison.
Missiles
 y - a throwing net (quivered)
Armour
 j - a +0 hat (worn)
 A - a +2 shield of reflection (worn)
Magical Staves
 a - an uncursed staff of air (weapon)
 C - an uncursed staff of cold
 N - an uncursed staff of wizardry
Jewellery
 e - a ring of protection from cold (left tentacle)
 g - a ring of fire (on tentacle)
 h - a ring of wizardry (on tentacle)
 v - an amulet of the acrobat (around mantle)
 z - a +3 ring of intelligence (right tentacle)
 P - a ring of resist corrosion (on tentacle)
 V - a ring of protection from magic (on tentacle)
Wands
 D - a wand of acid (9)
 E - a wand of paralysis (20)
 L - a wand of enslavement (31)
 M - a wand of disintegration (5)
 Q - a wand of iceblast (10)
 W - a wand of flame (24)
Scrolls
 i - a scroll of random uselessness {unknown}
 m - 3 scrolls of blinking
 n - 6 scrolls of teleportation
 p - 5 scrolls of fear
 q - 4 scrolls of fog
 F - a scroll of silence {unknown}
 H - 4 scrolls of identify
 K - 2 scrolls of summoning
 O - 2 scrolls of immolation
 S - 6 scrolls of remove curse
 T - 3 scrolls of magic mapping
 X - a scroll of vulnerability {unknown}
 Z - a scroll of enchant weapon {unknown}
Potions
 d - 4 potions of flight
 f - 2 potions of might
 k - 5 potions of lignification
 o - 2 potions of ambrosia
 r - 13 potions of curing
 t - a potion of heal wounds
 u - a potion of magic
 w - 3 potions of cancellation
 B - 2 potions of agility
 G - 5 potions of mutation
 I - a potion of haste
 J - 2 potions of resistance
 R - 3 potions of invisibility
 Y - 2 potions of brilliance
Miscellaneous
 l - a phantom mirror
 U - a phial of floods
Comestibles
 c - 10 rations


   Skills:
 + Level 10.3(10.0) Fighting
 + Level 7.1(6.9) Dodging
 - Level 7.0(6.7) Stealth
 - Level 15.1(14.8) Shields
 * Level 10.1(9.9) Spellcasting
 + Level 8.6(8.4) Conjurations
   Level 1.5(1.3) Summonings
 - Level 3.1(2.9) Translocations
 - Level 4.0(3.8) Fire Magic
 + Level 8.7(8.4) Air Magic
 - Level 4.1(3.9) Poison Magic


You had 11 spell levels left.
You knew the following spells:

 Your Spells              Type           Power        Failure   Level  Hunger
b - Poisonous Vapours     Pois/Air       ######       1%          2    None
c - Static Discharge      Conj/Air       #######.     1%          3    None
d - Mephitic Cloud        Conj/Pois/Air  ######..     1%          3    None
e - Conjure Flame         Conj/Fire      ######..     1%          3    None
f - Blink                 Tloc           N/A          1%          2    None
g - Apportation           Tloc           ####..       1%          1    None
h - Airstrike             Air            #######...   1%          4    None
i - Lightning Bolt        Conj/Air       #######...   1%          5    ####...

Your spell library contained the following spells:

 Spells                   Type           Power        Failure   Level  Hunger
 Animate Skeleton         Necr           N/A          1%          1    None
 Beastly Appendage        Tmut           ##....       1%          1    None
 Confusing Touch          Hex            ##....       1%          1    None
 Magic Dart               Conj           ####         1%          1    None
 Shock                    Conj/Air       ####         1%          1    None
 Summon Small Mammal      Summ           ###.         1%          1    None
 Call Imp                 Summ           ###.....     1%          2    None
 Swiftness                Chrm/Air       ######..     1%          2    None
 Gell's Gravitas          Tloc           ####......   1%          3    None
 Recall                   Summ/Tloc      N/A          1%          3    None
 Force Lance              Conj/Tloc      #####...     1%          4    None
 Slow                     Hex            ##......     2%          2    None
 Sticks to Snakes         Tmut           ##......     2%          2    None
 Portal Projectile        Hex/Tloc       ###...       2%          3    None
 Spider Form              Tmut/Pois      ###.......   2%          3    None
 Confuse                  Hex            ##......     4%          3    None
 Bolt of Magma            Conj/Fire/Erth ######....   9%          5    ####...
 Ice Form                 Ice/Tmut       ##......     16%         4    None
 Leda's Liquefaction      Hex/Erth       ##........   16%         4    None
 Petrify                  Tmut/Erth      ##......     16%         4    None
 Summon Forest            Summ/Tloc      ####......   19%         5    ####...
 Freezing Cloud           Conj/Ice/Air   ######....   24%         6    #####..
 Aura of Abjuration       Summ           ###.......   26%         5    ####...
 Summon Demon             Summ           ###.......   26%         5    ####...
 Summon Mana Viper        Hex/Summ       ###.....     32%         5    ####...
 Iron Shot                Conj/Erth      #####.....   38%         6    #####..
 Blade Hands              Tmut           ##........   41%         5    ####...
 Metabolic Englaciation   Hex/Ice        ##........   41%         5    ####...
 Yara's Violent Unravell  Hex/Tmut       ##........   41%         5    ####...
 Dispersal                Tloc           ####......   56%         6    #####..
 Shadow Creatures         Summ           N/A          78%         6    #####..
 Statue Form              Tmut/Erth      ##.......    91%         6    #####..
 Ring of Flames           Chrm/Fire      #####.....   99%         7    #######
 Controlled Blink         Tloc           N/A          100%        8    #######
 Disjunction              Tloc           ####......   100%        8    #######
 Ignition                 Fire           ######....   100%        8    #######
 Shatter                  Erth           ##........   100%        9    #######
 Tornado                  Air            #######...   100%        9    #######


Dungeon Overview and Level Annotations

Branches:
Dungeon (12/15)            Temple (1/1) D:6            Lair (6/6) D:8
 Shoals (0/4) Lair:4       Spider (0/4) Lair:2        Slime (0/5) Lair:5
    Orc (2/2) D:12
    Elf: Orc:2

Altars:
Ashenzari
Cheibriados
Dithmenos
Elyvilon
Fedhas
Gozag
Hepliaklqana
Kikubaaqudgha
Makhleb
Nemelex Xobeh
Okawaru
Qazlal
Ru
Sif Muna
Trog
Uskayaw
Vehumet
Wu Jian
Xom
Yredelemnul
Zin
The Shining One
Jiyva

Shops:
D:4 ?   D:5 *[   D:8 %   D:10 *   D:11 (*   Lair:4 =

Annotations:
D:2 need apport loot
D:8 3 runed translucent doors, Execuda's ghost, novice DsAK; Sassenached's ghost, novice KoEn


Innate Abilities, Weirdness & Mutations

You cannot wear most types of armour.
You are very stealthy in the water. (Stealth+)
You are amphibious.
You can wear up to eight rings at the same time.
You can use your tentacles to constrict eight enemies at once.
Your skin changes colour to match your surroundings (Stealth+).
Your rubbery body absorbs attacks. (AC +1, EV +1)


Message History

Aiming: Poisonous Vapours (safe; 1% risk of failure)
Press: ? - help, Dir - move target cursor, f/p - orc
Aim: an orc, wielding a +0 arbalest (severely wounded, poisoned)
You feel a surge of power!
Poisonous vapours surround the orc!
The orc is no longer distracted by gold.
The orc warrior unwields a +0 broad axe.
The orc warrior wields a +0 arbalest.
The orc warrior shoots a bolt.
You reflect the bolt off your +2 shield of reflection!
The bolt hits the orc warrior!!
The orc is engulfed in poison gas.
The orc looks even sicker.
You kill the orc!
The orc warrior becomes distracted by the nearby gold, dreaming of imaginary riches.
The orc warrior shouts!
You hear a shout! x3
Unknown command.
Unknown command.
The centaur shoots an arrow.
The arrow hits you!
* * * LOW HITPOINT WARNING * * *
The orc warrior shoots a bolt.
The bolt hits you!!
You die...
Your body crumbles into a pile of gold.

##.(# .#.o#.
## .((.$o
.####c#$o#
.#...o..##
..$.....#
##$$......
#(@.......
#.#$....... ..
(........ ...
.......... #..
........... ##
............
.............
..............


You could see 3 orc warriors, a centaur and an orc.

Vanquished Creatures
  Josephine (D:12)
  A centaur warrior (D:9)
  8 two-headed ogres
  7 hydras
  3 death yaks
  2 fire crabs
  The ghost of hitsuchi the Slicer, a novice HaFi of Uskayaw (D:9)
  An orange crystal statue (D:12)
  A deep elf mage (D:9)
  3 orc knights
  An orc sorcerer (Orc:1)
  2 ugly things
  A cyclops (D:12)
  5 black mambas
  A merfolk siren (Lair:4)
  2 torpor snails
  15 spiny frogs
  An efreet (D:10)
  A freezing wraith (D:9)
  8 komodo dragons
  2 rime drakes (Lair:3)
  7 hornets
  3 trolls
  3 polar bears
  12 blink frogs
  Prince Ribbit (D:7)
  2 dream sheep (Lair:6)
  11 hippogriffs
  Sigmund (D:6)
  3 redbacks (Lair:2)
  13 spriggans (Lair:6)
  5 wraiths
  3 basilisks
  56 yaks
  5 wyverns
  The ghost of Moredread the Conjurer, an amateur DrCj (D:3)
  Grum (D:9)
  4 hungry ghosts
  Menkaure (D:4)
  A two-headed ogre zombie (D:12)
  A warg (Orc:1)
  Duvessa (D:7)
  A soldier ant (D:12)
  9 water moccasins
  5 porcupines
  6 black bears
  6 sky beasts
  13 orc warriors
  9 ice beasts
  4 phantoms
  9 ogres
  24 wolves
  3 boggarts (Lair:6)
  5 centaurs
  12 crocodiles
  An elf zombie (Ossuary)
  21 bullfrogs
  5 big kobolds
  A wyvern zombie (D:12)
  Dowan (D:7)
  A troll zombie (D:12)
  A wyvern skeleton (D:7)
  7 scorpions
  A water moccasin skeleton (D:6)
  10 killer bees
  20 wights
  3 howler monkeys
  5 crimson imps
  4 bullfrog zombies
  3 hounds
  A quasit (D:9)
  5 centaur zombies
  A human zombie (Ossuary)
  8 orc priests
  16 orc wizards
  3 bullfrog skeletons
  6 jellies
  3 centaur skeletons
  Jessica (D:2)
  2 iguanas
  13 worker ants
  6 ogre zombies (D:12)
  A hound zombie (D:10)
  A hound skeleton (D:9)
  2 mummies (Ossuary)
  2 worker ant zombies
  Robin (D:4)
  12 gnolls
  18 adders
  A hound simulacrum (D:3)
  3 shadow imps
  A white imp (Lair:2)
  4 adder skeletons
  3 worms
  2 dart slugs
  2 adder simulacra (D:3)
  9 leopard geckos
  60 orcs
  8 ball pythons
  10 bats
  4 giant cockroaches
  4 gnoll zombies (Ossuary)
  12 goblins
  9 hobgoblins
  3 jackals (D:8)
  3 quokkas
  5 frilled lizards
  5 goblin skeletons (D:12)
  4 goblin zombies
  5 hobgoblin zombies
  A jackal simulacrum (D:3)
  A jackal skeleton (D:9)
  23 kobolds
  2 leopard gecko skeletons
  A leopard gecko zombie (D:5)
  2 orc skeletons (D:12)
  16 orc zombies
  6 rats
  2 fungi
705 creatures vanquished.

Vanquished Creatures (collateral kills)
  A gnoll sergeant (D:10)
  An orc priest (D:3)
  An orc wizard (D:5)
  6 gnolls
  3 adders
  2 orcs (D:3)
  A goblin (D:4)
  A hobgoblin (D:4)
  3 jackals (D:1)
  A kobold (D:3)
  A rat (D:2)
21 creatures vanquished.

Vanquished Creatures (others)
  7 centaurs
  A howler monkey (D:10)
  A worker ant (D:9)
  2 orcs
  A bush (Lair:6)
  46 fungi
  34 plants
92 creatures vanquished.

Grand Total: 818 creatures vanquished

Notes
Turn   | Place    | Note
-------+----------+-------------------------------------------
     0 | D:1      | 1994 the Octopode Wizard began the quest for the Orb.
     0 | D:1      | Reached XP level 1. HP: 11/11 MP: 4/4
   279 | D:1      | Reached XP level 2. HP: 18/18 MP: 1/6
   824 | D:1      | Learned a level 2 spell: Blink
   827 | D:1      | Learned a level 2 spell: Call Imp
   982 | D:1      | Reached XP level 3. HP: 22/22 MP: 3/7
  1137 | D:1      | Learned a level 3 spell: Mephitic Cloud
  1148 | D:2      | Reached skill level 1 in Fighting
  1375 | D:2      | Noticed Jessica
  1382 | D:2      | Killed Jessica
  1382 | D:2      | Reached skill level 1 in Poison Magic
  1382 | D:2      | Reached XP level 4. HP: 21/28 MP: 0/8
  2105 | D:2      | Reached skill level 1 in Air Magic
  2430 | D:3      | Found a runed translucent gate.
  2621 | D:3      | Noticed Moredread's ghost (amateur DrCj)
  2677 | D:3      | Found a runed translucent gate.
  2678 | D:3      | Found a runed translucent gate.
  2784 | D:3      | Reached XP level 5. HP: 19/33 MP: 1/10
  3869 | D:4      | Noticed Menkaure
  3869 | D:4      | Noticed Robin
  4117 | D:4      | Learned a level 3 spell: Conjure Flame
  4221 | D:4      | Killed Robin
  4602 | D:4      | Reached XP level 6. HP: 23/39 MP: 7/11
  4849 | D:4      | Found Garhogo's Magic Scroll Emporium.
  5123 | D:4      | Bought a scroll of blinking for 90 gold pieces
  5243 | D:4      | Killed Menkaure
  5243 | D:4      | Reached skill level 1 in Fire Magic
  5460 | D:5      | Entered Level 5 of the Dungeon
  5513 | D:4      | Bought a scroll of identify for 24 gold pieces
  5775 | D:5      | Reached XP level 7. HP: 39/45 MP: 8/12
  5779 | D:5      | Found Laidisai's Antique Armour Shoppe.
  6524 | D:5      | Reached skill level 5 in Stealth
  6813 | D:5      | Found Tienuik's Lightly-Used Armoury.
  7294 | D:6      | Learned a level 2 spell: Poisonous Vapours
  7311 | D:6      | Reached XP level 8. HP: 41/51 MP: 5/14
  7318 | D:6      | Reached skill level 1 in Shields
  7636 | D:6      | Found an iron altar of Okawaru.
  7804 | D:6      | Found a glowing golden altar of the Shining One.
  8077 | D:6      | Noticed Sigmund
  8359 | D:6      | Found a staircase to the Ecumenical Temple.
  8370 | Temple   | Entered the Ecumenical Temple
  8455 | Temple   | Became a worshipper of Gozag Ym Sagoz the Greedy
  8599 | D:6      | Reached skill level 2 in Shields
  8656 | D:7      | Noticed Duvessa
  8656 | D:7      | Noticed Dowan
  8668 | D:7      | Killed Duvessa
  8827 | D:7      | Killed Dowan
  9007 | D:7      | Reached skill level 5 in Conjurations
  9033 | D:7      | Reached XP level 9. HP: 57/57 MP: 2/16
  9054 | D:7      | Reached skill level 3 in Shields
  9444 | D:6      | Found an iron altar of Okawaru.
  9455 | D:6      | Killed Sigmund
  9504 | D:5      | Bought a shiny shield for 240 gold pieces
  9628 | D:7      | Reached skill level 4 in Shields
  9628 | D:7      | Reached skill level 5 in Spellcasting
  9660 | D:7      | Found a shattered altar of Ashenzari.
  9711 | D:7      | Noticed Prince Ribbit
  9718 | D:7      | Killed Prince Ribbit
 10259 | D:8      | Reached skill level 5 in Fighting
 10689 | D:8      | Reached XP level 10. HP: 67/67 MP: 1/19
 10778 | D:8      | Found a sand-covered staircase.
 10790 | Ossuary  | Entered an ossuary
 11282 | D:4      | Bought a scroll of fog for 24 gold pieces
 11282 | D:4      | Bought a scroll of fog for 24 gold pieces
 11282 | D:4      | Bought a scroll of fear for 42 gold pieces
 11282 | D:4      | Bought 2 scrolls of fear for 84 gold pieces
 11282 | D:4      | Bought a scroll of teleportation for 36 gold pieces
 11377 | D:3      | Killed Moredread's ghost
 12250 | D:8      | Found Johis's Food Boutique.
 12394 | D:8      | Noticed a two-headed ogre
 12742 | D:8      | Reached skill level 5 in Shields
 12998 | D:8      | Killed a two-headed ogre
 12998 | D:8      | Reached skill level 6 in Shields
 13056 | D:8      | Found a staircase to the Lair.
 13220 | D:8      | Found a runed translucent gate.
 13220 | D:8      | Found a runed translucent gate.
 13220 | D:8      | Found a runed translucent gate.
 13255 | D:8      | Noticed Sassenached's ghost (novice KoEn)
 13255 | D:8      | Noticed Execuda's ghost (novice DsAK)
 13616 | D:8      | Reached skill level 7 in Shields
 13741 | D:9      | Noticed a two-headed ogre
 13791 | D:9      | Killed a two-headed ogre
 13791 | D:9      | Reached XP level 11. HP: 76/76 MP: 7/21
 13821 | D:9      | Reached skill level 8 in Shields
 13839 | D:9      | Noticed Grum
 14248 | D:9      | Killed Grum
 14446 | D:9      | Noticed a two-headed ogre
 14491 | D:9      | Killed a two-headed ogre
 14491 | D:9      | Reached skill level 9 in Shields
 14678 | D:9      | Found a runed translucent gate.
 14678 | D:9      | Found a runed translucent gate.
 14678 | D:9      | Found a runed translucent gate.
 14682 | D:9      | Found an opulent altar of Gozag.
 14682 | D:9      | Noticed a white ugly thing
 14686 | D:9      | Noticed hitsuchi's ghost (novice HaFi)
 14686 | D:9      | Noticed a deep elf mage
 15209 | D:9      | Noticed a two-headed ogre
 15255 | D:9      | Killed a two-headed ogre
 15596 | D:9      | Found a runed translucent door.
 15597 | D:9      | Found a runed translucent door.
 15597 | D:9      | Noticed a seven-headed hydra
 15598 | D:9      | Found a runed translucent door.
 15755 | D:10     | Entered Level 10 of the Dungeon
 15792 | D:10     | Found Xausua's Mass Market.
 15960 | D:10     | Reached skill level 10 in Shields
 15970 | D:10     | Noticed a two-headed ogre
 15984 | D:10     | Killed a two-headed ogre
 16038 | D:10     | Noticed a two-headed ogre
 16071 | D:10     | Killed a two-headed ogre
 16071 | D:10     | Reached XP level 12. HP: 79/85 MP: 2/22
 16603 | D:10     | Learned a level 3 spell: Static Discharge
 16680 | D:11     | Noticed a two-headed ogre
 16705 | D:11     | Noticed a four-headed hydra
 16759 | D:11     | Learned a level 1 spell: Apportation
 17005 | D:11     | Reached skill level 11 in Shields
 17538 | D:11     | Killed a two-headed ogre
 17685 | D:11     | Killed a four-headed hydra
 17733 | D:11     | Reached skill level 10 in Fighting
 18105 | D:11     | Bought an ancient hand axe for 184 gold pieces
 18105 | D:11     | Identified the cursed +1 hand axe of Yesterday {chop, rC+
                  | Str+4} (You bought it in a shop on level 11 of the Dungeon)
 18111 | D:11     | Bought a dented blue amulet for 160 gold pieces
 18180 | Lair:1   | Entered Level 1 of the Lair of Beasts
 18382 | Lair:1   | Reached skill level 12 in Shields
 19213 | Lair:2   | Found a hole to the Spider Nest.
 20094 | Lair:2   | Reached skill level 13 in Shields
 20193 | Lair:2   | Noticed an ice dragon
 20893 | Lair:3   | Noticed a death yak
 20893 | Lair:3   | Noticed a death yak
 20898 | Lair:3   | Noticed a death yak
 20908 | Lair:3   | Killed a death yak
 21351 | Lair:2   | Killed a death yak
 21496 | Lair:2   | Reached XP level 13. HP: 49/92 MP: 7/23
 21871 | Lair:3   | Reached skill level 14 in Shields
 22425 | Lair:3   | Found a burning altar of Makhleb.
 22650 | Lair:3   | You fall into a shaft and drop 3 floors!
 22650 | Lair:6   | Entered Level 6 of the Lair of Beasts
 24064 | Lair:4   | Reached skill level 15 in Shields
 24492 | Lair:4   | Learned a level 4 spell: Airstrike
 24794 | Lair:4   | You fall into a shaft and drop 2 floors!
 25108 | Lair:5   | Found a viscous altar of Jiyva.
 25108 | Lair:5   | Found a staircase to the Slime Pits.
 25237 | Lair:5   | Learned a level 5 spell: Lightning Bolt
 25730 | Lair:4   | Reached skill level 5 in Air Magic
 26643 | Lair:4   | Found a staircase to the Shoals.
 27657 | Lair:5   | Reached skill level 5 in Dodging
 27925 | Lair:6   | Reached XP level 14. HP: 50/99 MP: 4/25
 29994 | Lair:6   | Paralysed by a hornet for 1 turns
 31186 | Lair:6   | Got a crude spear
 31187 | Lair:6   | Identified the cursed +1 spear "Spiderslayer" {freeze, rC+}
                  | (You found it on level 6 of the Lair of Beasts)
 32442 | D:9      | Killed hitsuchi's ghost
 35135 | D:12     | Found a staircase to the Orcish Mines.
 35629 | Orc:1    | Entered Level 1 of the Orcish Mines
 35629 | Orc:1    | Noticed Josephine
 35656 | D:12     | Reached XP level 15. HP: 103/103 MP: 5/28
 35843 | D:12     | Killed Josephine
 36336 | D:12     | Identified the +12 flail "Efuhef" {crush, rPois rF- Dex+7}
                  | (You found it on level 12 of the Dungeon)
 36453 | D:12     | Reached skill level 10 in Spellcasting
 38207 | Orc:2    | Entered Level 2 of the Orcish Mines
 38289 | Orc:2    | HP: 4/103 [centaur/arrow (15)]
 38289 | Orc:2    | Shot with a bolt by an orc warrior

Levels and vault maps discovered:
D:1:      wander_arrival_estate, layout_rooms
D:2:      layout_loops_ring, lemuel_flame_loot_1, uniq_jessica
D:3:      layout_basic, gammafunk_ghost_icy, minmay_shallow_snake_nest
D:4:      layout_loops_ring, serial_shops, shop, first_ration, wad_orctagon,
          uniq_menkaure, uniq_robin
D:5:      layout_loops_ring, serial_shops, shop, minmay_shop_damaged
D:6:      layout_rooms, nicolae_overflow_crystal_walls, temple_hall,
          okawaru_ov_weapons_minmay, uniq_sigmund
D:7:      minmay_thinvault, layout_gridville, basic_altar, uniq_duvessa,
          uniq_prince_ribbit1
D:8:      layout_basic, grunt_lair_entry_orc_guard_hut,
          gammafunk_ghost_cemetery, serial_shops, shop, enter_ossuary_2
D:9:      minmay_the_grid_triangle_9x9_rhombus_full
          [minmay_the_grid_triangle_9x9_windchime,
          minmay_the_grid_triangle_9x9_steps,
          minmay_the_grid_triangle_9x9_zippers_horizontal,
          minmay_the_grid_triangle_9x9_intruding_spiral,
          minmay_the_grid_triangle_9x9_dagger,
          minmay_the_grid_triangle_9x9_fully_insulated_deathbox,
          minmay_the_grid_triangle_9x9_flanged_cone,
          minmay_the_grid_triangle_9x9_prize_top_heavy], layout_rooms,
          ebering_ghost_gozag, uniq_grum
D:10:     layout_rooms, minmay_shop_mass
D:11:     layout_rooms
D:12:     layout_loops_ring, zombieorc2_lemuel, hangedman_pestilent_swarm,
          minmay_protected_statue
Temple:   grunt_wide_crystal_templ
Lair:1:   layout_chaotic_city, minivault_27, lemuel_fruit_fields
Lair:2:   layout_concentric_octagons, spider_nest_entry_webs, ice2_lemuel,
          grunt_megastairs_4
Lair:3:   layout_cave_pods, basic_altar
Lair:4:   layout_small_grid, minmay_shoals_entry_lonely_mermaid,
          lemuel_fruit_fields
Lair:5:   layout_layer_cave, dpeg_slime_entry_enclosed_altar
Lair:6:   minmay_lair_end_enchanted_forest, layout_loops_ring,
          grunt_forest_large_clearing_hut
Orc:1:    layout_caves, uniq_josephine
Orc:2:    st_orc_rangers, layout_caves, gammafunk_ghost_smash, serial_shops,
          shop

Skill      XL: |  1  2  3  4  5  6  7  8  9 10 11 12 13 14 15 |
---------------+----------------------------------------------+-----
Stealth        | 3 4 5 7 |  7.0
Fighting       | 1 2 3 5 7 9 10 | 10.3
Conjurations   | 2 3 4 5 6 8 |  8.6
Poison Magic   | 1 2 4 |  4.1
Air Magic      | 1 3 6 8 |  8.7
Fire Magic     | 2 3 4 |  4.0
Spellcasting   | 4 6 7 9 10 | 10.1
Shields        | 2 4 7 10 13 15 | 15.1
Translocations | 2 3 |  3.1
Dodging        | 4 5 6 7 |  7.1
Summonings     | |  1.5

Action                   |  1- 3 |  4- 6 |  7- 9 | 10-12 | 13-15 || total
-------------------------+-------+-------+-------+-------+-------++-------
Melee: Unarmed           |    10 |     1 |       |       |       ||    11
       Constrict         |     5 |    14 |    22 |    54 |    64 ||   159
       Tentacles         |     1 |     5 |     8 |    37 |    55 ||   106
       Short sword       |       |     4 |       |    52 |    93 ||   149
       Whip              |       |    24 |    74 |       |       ||    98
       Falchion          |       |    19 |    15 |   118 |   117 ||   269
       Staff             |       |       |     1 |       |    61 ||    62
       Dagger            |       |       |       |    54 |       ||    54
 Fire: Hunting sling     |       |    37 |    22 |    17 |       ||    76
Throw: Stone             |       |       |     1 |     5 |       ||     6
       Throwing net      |       |       |       |       |     1 ||     1
 Cast: Magic Dart        |    61 |   131 |   187 |   306 |   105 ||   790
       Call Imp          |     5 |    18 |     6 |     3 |       ||    32
       Blink             |     1 |       |     3 |    21 |    59 ||    84
       Mephitic Cloud    |       |     2 |     2 |       |     2 ||     6
       Conjure Flame     |       |     3 |    15 |    43 |   111 ||   172
       Poisonous Vapours |       |       |    66 |   311 |   548 ||   925
       Apportation       |       |       |       |    17 |     8 ||    25
       Static Discharge  |       |       |       |     6 |    37 ||    43
       Airstrike         |       |       |       |       |    55 ||    55
Invok: Call Merchant     |       |       |       |     2 |     1 ||     3
Evoke: Wand              |       |       |       |       |     1 ||     1
  Use: Scroll            |       |     5 |    11 |    12 |     7 ||    35
 Stab: Sleeping          |       |     3 |       |       |     1 ||     4
       Confused          |       |     2 |       |       |       ||     2
       Distracted        |       |       |       |     1 |     1 ||     2
       Paralysed         |       |       |       |       |     4 ||     4
  Eat: Chunk             |     1 |    13 |     4 |       |       ||    18
       Ration            |       |       |     4 |    10 |    15 ||    29
Armor: Skin              |     3 |     6 |     3 |    16 |    12 ||    40
Dodge: Dodged            |    16 |    52 |    96 |   216 |   395 ||   775
Block: Buckler           |       |       |     9 |    33 |       ||    42
       Shield            |       |       |       |   124 |   517 ||   641
       Reflection        |       |       |       |    15 |    36 ||    51
       Rpst.: Falchion   |       |     5 |     2 |    26 |    32 ||    65

Table legend:
 A = Non-vault XP
 B = Vault XP
 C = Vault XP percentage of total XP
 D = Non-vault monster count
 E = Vault monster count
 F = Vault count percentage of total count
                 A         B        C        D         E       F
            +---------+---------+-------+---------+---------+-------
      Total |   68044 |   26306 |  27.9 |     518 |     215 |  29.3
            +---------+---------+-------+---------+---------+-------
        D:1 |      37 |       0 |   0.0 |      21 |       0 |   0.0
        D:2 |      55 |      31 |  36.0 |      25 |       1 |   3.8
        D:3 |      86 |     198 |  69.7 |      21 |       9 |  30.0
        D:4 |     121 |     216 |  64.1 |      11 |      16 |  59.3
        D:5 |     455 |       0 |   0.0 |      21 |       0 |   0.0
        D:6 |     767 |     231 |  23.1 |      24 |       1 |   4.0
        D:7 |     994 |     988 |  49.8 |      17 |      16 |  48.5
        D:8 |    3854 |     862 |  18.3 |      43 |       5 |  10.4
        D:9 |    4936 |    8626 |  63.6 |      47 |      44 |  48.4
       D:10 |    3261 |       0 |   0.0 |      25 |       0 |   0.0
       D:11 |    5149 |     121 |   2.3 |      32 |       1 |   3.0
       D:12 |    7343 |    3862 |  34.5 |      60 |      44 |  42.3
     Lair:1 |    2051 |       0 |   0.0 |       9 |       0 |   0.0
     Lair:2 |    3356 |    1815 |  35.1 |      13 |      11 |  45.8
     Lair:3 |    5226 |       0 |   0.0 |      15 |       0 |   0.0
     Lair:4 |    5877 |     442 |   7.0 |      23 |       1 |   4.2
     Lair:5 |    8963 |     119 |   1.3 |      38 |       1 |   2.6
     Lair:6 |   12240 |    7814 |  39.0 |      34 |      43 |  55.8
      Orc:1 |    3105 |     407 |  11.6 |      36 |       2 |   5.3
      Orc:2 |     168 |     340 |  66.9 |       3 |       4 |  57.1
    Ossuary |       0 |     234 | 100.0 |       0 |      16 | 100.0
            +---------+---------+-------+---------+---------+-------
